 Dungeon Crawl Stone Soup version 0.18-a0-1628-g61c6396 (webtiles) character file.

10510 Omaping the Severer (level 11, -9/99 HPs)
             Began as a Hill Orc Fighter on Mar 25, 2016.
             Was an Elder of Trog.
             Mangled by a hill giant
             ... wielding a +0 giant spiked club
              (29 damage)
             ... on level 12 of the Dungeon.
             The game lasted 01:15:10 (13839 turns).

Omaping the Severer (Hill Orc Fighter)             Turns: 13839, Time: 01:15:11

Health: -9/99      AC: 15    Str: 22    XL:     11   Next: 63%
Magic:  11/11      EV: -1    Int:  8    God:    Trog [****..]
Gold:   540        SH: 15    Dex: 11    Spells: 0 memorised, 10 levels left

rFire  . . .     SeeInvis .     a - +0 war axe
rCold  . . .     Gourm    .     J - +0 plate armour
rNeg   . . .     Faith    .     c - +0 shield
rPois  .         Spirit   .     (no helmet)
rElec  .         Dismiss  .     C - +0 cloak
rCorr  .         Reflect  +     (no gloves)
SustAt +         Harm     .     (no boots)
MR     +....                    T - +6 amulet of reflection
Stlth  ..........               l - ring of sustain attributes
                                j - ring of protection from magic

@: somewhat resistant to hostile enchantments, extremely unstealthy
A: no striking features
a: Berserk, Trog's Hand, Brothers in Arms, Burn Spellbooks, Renounce Religion


You were on level 12 of the Dungeon.
You worshipped Trog.
Trog was greatly pleased with you.
You were not hungry.

You visited 2 branches of the dungeon, and saw 13 of its levels.

You collected 605 gold pieces.
You spent 65 gold pieces at shops.

Inventory:

Hand Weapons
 a - a +0 war axe (weapon)
 u - a +0 whip
 B - a cursed -2 mace
 M - a +2 whip of venom
 Q - a +0 battleaxe
 R - a cursed +3 mace
Missiles
 e - 122 arrows
 N - 13 arrows of dispersal
Armour
 c - a +0 shield (worn)
 C - a +0 cloak (worn)
 J - a +0 plate armour (worn)
 K - a +0 plate armour
Jewellery
 h - an uncursed amulet of the gourmand
 j - a ring of protection from magic (left hand)
 l - a ring of sustain attributes (right hand)
 o - an uncursed ring of protection from fire
 s - an uncursed ring of resist corrosion
 G - an uncursed ring of positive energy
 T - a +6 amulet of reflection (around neck)
Wands
 D - a wand of iceblast (5/15)
 I - a wand of lightning (3/15)
 S - a wand of acid (3/15)
Scrolls
 b - a scroll of torment {unknown}
 k - a scroll of holy word {unknown}
 m - 3 scrolls of identify
 n - a scroll of blinking {unknown}
 r - a scroll of immolation
 t - a scroll of fear {unknown}
 w - a scroll of enchant armour
 y - a scroll of magic mapping
 H - 3 scrolls of teleportation
 L - a scroll of fog {unknown}
 V - a scroll of remove curse {unknown}
Potions
 p - a potion of flight
 q - a potion of mutation {unknown}
 v - a potion of agility
 x - a potion of heal wounds {unknown}
 z - 2 potions of ambrosia
 A - a potion of haste {unknown}
 F - 4 potions of curing
 O - a potion of invisibility
 P - a potion of brilliance {unknown}
Comestibles
 d - 2 royal jellies
 f - 10 bread rations
 g - 3 beef jerkies
 i - 2 slices of pizza
 E - 3 meat rations
 U - 11 chunks of flesh
 W - 3 mutagenic chunks of flesh


   Skills:
 + Level 9.7 Fighting
 * Level 17.1 Axes
 + Level 9.7 Armour
 - Level 3.4 Shields


You had 10 spell levels left.
You didn't know any spells.

Dungeon Overview and Level Annotations

Branches:
Dungeon (12/15)            Temple (1/1) D:7            Lair (0/8) D:10
    Orc (0/2) D:10

Altars:
Ashenzari
Cheibriados
Dithmenos
Elyvilon
Fedhas
Gozag
Kikubaaqudgha
Makhleb
Nemelex Xobeh
Okawaru
Pakellas
Qazlal
Ru
Sif Muna
Trog
Vehumet
Xom
Yredelemnul
Zin
The Shining One

Shops:
D:2 }   D:4 *

Annotations:
D:10 exclusions: upstairs and 2 more exclusions
D:11 Ladykiller69's ghost, journeyman FoFi


Message History

You hit something but do no damage. Something hits you but does no damage.
Something hits you but does no damage. Something hits you but does no damage.
Something hits you but does no damage. Something hits you but does no damage.
Something hits you but does no damage.
You start resting.
Something hits you. Something hits you but does no damage.
You block something's attack. You block something's attack.
There is a stone staircase leading down here.
You block something's attack.
You climb downwards.
The hill giant hits you with a giant spiked club!!
You block the two-headed ogre's attack. x2; The komodo dragon bites you!
* * * LOW HITPOINT WARNING * * *
There is a stone staircase leading up, spattered with blood here.
You block the komodo dragon's attack.
The hill giant hits you with a giant spiked club!!
You die...

....O### #.# .....')# #.#
.....#)## ####+##### #.#
.....#).###........# ##.#
.....##(..'.......)# #..#
## .....
#####........#######.#####.
.....
#........).............
.....
#....l.C.#######.######
..... #....O@..# #.#
####'##### #.# #.## #.#
#..# #.# ##<## #.# #..# #.#
##.#########.######
########........>.......<
.........#########.######


You could see a hill giant, a komodo dragon and a two-headed ogre.

Vanquished Creatures
  Josephine (D:11)
  A gargoyle (D:11)
  A komodo dragon (D:10)
  A troll (D:9)
  A two-headed ogre (D:9)
  A spriggan (D:10)
  11 yaks (D:10)
  3 wraiths (D:11)
  2 hippogriffs
  A hungry ghost (D:9)
  Edmund (D:5)
  2 water moccasins (D:11)
  Duvessa (D:5)
  3 orc warriors
  4 phantoms
  A swamp drake (D:10)
  A black bear (D:10)
  4 sky beasts
  An ice beast (D:7)
  4 ogres
  A wolf (D:11)
  A centaur (D:6)
  Blork the orc (D:6)
  8 giant frogs
  2 water moccasin zombies
  Dowan (D:4)
  9 killer bees (D:10)
  8 wights (D:10)
  2 howler monkeys
  5 crimson imps
  A giant frog zombie (D:6)
  3 jellies
  A quasit (D:8)
  Crazy Yiuf (D:3)
  10 hounds
  A centaur skeleton (D:9)
  An orc priest (D:5)
  A giant frog skeleton (D:8)
  5 iguanas
  6 orc wizards
  Terence (D:2)
  11 worker ants
  A hound skeleton (D:5)
  A worker ant zombie (D:5)
  A howler monkey zombie (D:7)
  4 gnolls (D:5)
  13 adders
  2 shadow imps
  3 oozes
  4 worms
  7 giant geckos
  33 orcs
  6 giant cockroaches
  5 hobgoblins
  3 jackals (D:3)
  3 quokkas
  A ball python (D:1)
  7 bats
  2 giant newts
  4 goblins
  A kobold (D:2)
  2 quokka zombies
  2 rats (D:1)
230 creatures vanquished.

Vanquished Creatures (collateral kills)
  The ghost of Sargon the Grappler, a journeyman TrMo of Yredelemnul (D:11)
  An ugly thing (D:11)
  A cyclops (D:11)
  A giant frog (D:11)
4 creatures vanquished.

Vanquished Creatures (others)
  An iguana (D:10)
1 creature vanquished.

Grand Total: 235 creatures vanquished

Notes
Turn   | Place    | Note
--------------------------------------------------------------
     0 | D:1      | Omaping the Hill Orc Fighter began the quest for the Orb.
     0 | D:1      | Reached XP level 1. HP: 19/19 MP: 1/1
   306 | D:1      | Found a sparkling altar of Nemelex Xobeh.
   326 | D:1      | Reached skill level 3 in Axes
   326 | D:1      | Reached XP level 2. HP: 27/27 MP: 2/2
  1099 | D:2      | Reached skill level 4 in Axes
  1099 | D:2      | Reached XP level 3. HP: 28/33 MP: 3/3
  1451 | D:2      | Reached skill level 5 in Axes
  1566 | D:2      | Reached XP level 4. HP: 37/40 MP: 4/4
  1633 | D:2      | Noticed Terence
  1649 | D:2      | Killed Terence
  1891 | D:2      | Found an oddly glowing altar of Pakellas.
  1891 | D:2      | Found Pakellas's Prime Provisions.
  2136 | D:3      | Reached skill level 6 in Axes
  2520 | D:3      | Found a bloodstained altar of Trog.
  2528 | D:3      | Became a worshipper of Trog the Wrathful
  2617 | D:3      | Reached XP level 5. HP: 40/46 MP: 5/5
  2703 | D:3      | Noticed Crazy Yiuf
  2719 | D:3      | Killed Crazy Yiuf
  2967 | D:3      | Reached skill level 7 in Axes
  3347 | D:4      | Reached XP level 6. HP: 52/52 MP: 6/6
  3597 | D:4      | Reached * piety under Trog
  3641 | D:4      | Noticed a phantom
  4180 | D:4      | Noticed Dowan
  4192 | D:5      | Entered Level 5 of the Dungeon
  4277 | D:5      | Noticed Edmund
  4394 | D:4      | Killed Dowan
  4394 | D:4      | Reached skill level 8 in Axes
  4412 | D:4      | Noticed Duvessa
  4495 | D:5      | Noticed a phantom
  4497 | D:5      | Noticed a sky beast
  4527 | D:6      | Reached XP level 7. HP: 36/60 MP: 7/7
  4874 | D:6      | Reached skill level 5 in Armour
  5001 | D:6      | Found a snail-covered altar of Cheibriados.
  5295 | D:6      | Noticed Blork the orc
  5309 | D:6      | Killed Blork the orc
  5309 | D:6      | Reached skill level 5 in Fighting
  5309 | D:6      | Reached skill level 9 in Axes
  5327 | D:6      | Found an ancient bone altar of Kikubaaqudgha.
  5327 | D:6      | Found a blossoming altar of Fedhas.
  5963 | D:6      | Reached XP level 8. HP: 56/68 MP: 8/8
  6091 | D:6      | Reached skill level 10 in Axes
  6340 | D:5      | Killed Duvessa
  6468 | D:4      | Found Zumm's General Store.
  6473 | D:4      | Bought a scroll of identify for 26 gold pieces
  6473 | D:4      | Bought a scroll of teleportation for 39 gold pieces
  7203 | D:5      | Reached skill level 11 in Axes
  7208 | D:5      | Reached ** piety under Trog
  7247 | D:5      | Killed Edmund
  7257 | D:5      | Reached XP level 9. HP: 4/75 MP: 9/9
  8040 | D:7      | Found a staircase to the Ecumenical Temple.
  8115 | Temple   | Entered the Ecumenical Temple
  8314 | D:7      | Reached skill level 12 in Axes
  9235 | D:8      | Reached skill level 13 in Axes
  9685 | D:9      | Reached XP level 10. HP: 82/86 MP: 10/10
 10153 | D:9      | Reached skill level 14 in Axes
 10608 | D:9      | Found a basalt altar of Yredelemnul.
 10609 | D:9      | Found a stormy altar of Qazlal.
 10616 | D:9      | Found an iron altar of Okawaru.
 10692 | D:10     | Entered Level 10 of the Dungeon
 10710 | D:10     | Noticed a hill giant
 10774 | D:10     | Reached *** piety under Trog
 10802 | D:10     | Found a staircase to the Orcish Mines.
 11282 | D:10     | Reached skill level 15 in Axes
 12211 | D:10     | Found a staircase to the Lair.
 12377 | D:10     | Reached XP level 11. HP: 86/95 MP: 11/11
 12384 | D:10     | Reached skill level 16 in Axes
 12446 | D:11     | Noticed Josephine
 12446 | D:11     | Noticed Ladykiller69's ghost (journeyman FoFi)
 12510 | D:11     | Killed Josephine
 12709 | D:11     | Reached **** piety under Trog
 13005 | D:11     | Noticed Sargon's ghost (journeyman TrMo)
 13017 | D:11     | Noticed a cyclops
 13753 | D:12     | Noticed a hill giant
 13787 | D:11     | Killed Sargon's ghost
 13787 | D:11     | Reached skill level 17 in Axes
 13800 | D:11     | Noticed a cyan ugly thing
 13800 | D:11     | Killed a cyclops
 13808 | D:11     | Killed a cyan ugly thing
 13839 | D:12     | Mangled by a hill giant

Vault maps used:
D:1:      dpeg_arrival_signposts, nemelex_altar_shiori
D:2:      johnstein_pakellas_shop, uniq_terence
D:3:      first_bread, trog_book, uniq_crazy_yiuf_cottage
D:4:      serial_shops, kennysheep_little_box, st_stairs_4, uniq_duvessa
D:5:      uniq_edmund
D:6:      grunt_temple_overflow_growth_and_decay, cheibriados_altar_1,
          uniq_blork_the_orc
D:7:      lemuel_ice_spiral_2, temple_fountains
D:9:      minitemple
D:10:     erik_lair_dragon, david_orc_2, the_bakery
D:11:     uniq_josephine, uniq_grum
D:12:     uniq_sonja
Temple:   eino_wide_crystal_templ_15

Skill      XL: |  1  2  3  4  5  6  7  8  9 10 11 |
---------------+----------------------------------+-----
Axes           | 3 4 5 6 7 8 9 11 13 15 17 | 17.1
Fighting       | 4 5 6 7 8 9 |  9.7
Armour         | 4 5 6 7 8 9 |  9.7
Shields        | |  3.4

Action                   |  1- 3 |  4- 6 |  7- 9 | 10-12 || total
-------------------------+-------+-------+-------+-------++-------
Melee: War axe           |    72 |   162 |   451 |   419 ||  1104
Invok: Burn Spellbooks   |       |     1 |       |       ||     1
       Berserk           |       |     2 |     3 |     5 ||    10
       Trog's Hand       |       |       |       |     1 ||     1
       Brothers in Arms  |       |       |       |     1 ||     1
Evoke: Wand              |       |       |       |     1 ||     1
  Use: Scroll            |       |     7 |     5 |     2 ||    14
       Potion            |       |     3 |     3 |     1 ||     7
  Eat: Chunk             |     2 |    18 |    24 |    22 ||    66
       Royal jelly       |       |     1 |       |       ||     1
